Zazza, neutral female human Tourist ---------------- |..............| -------- |...............# -------- |......| ----------- |..............|# |.......##### |.......####-.%(?%[?(*| |..............|# |......| # |......| |.=!?"%%!%| -------.--------# --.-|--- ### |......| |.)).[+]=]| # ### # # # |.<..S.| |.?+?.*%?!| # # ### #G@.f...m| ----------- # ### # ---|---- ## # # # -----|-- ########## ### # |......-######------ # # # |......| |....| ### # # |...<...######|.....#### -.------.- --.-- -----.-- #.....| ###-.........## |...| # ------ ##|......>.| # |...| #.........| `#########...{| |........| ----- --.------- Zazza the Rambler Experience level: 1 Strength: 15 Dexterity: 11 Constitution: 17 Intelligence: 13 Wisdom: 7 Charisma: 15 Health: 0(10) Energy: 2(2) Def: 5 Gold: 1097 Moves: 2144 Dungeon seed: YLuQ2vJ8QQk2GCBJ Game ID: Zazza_1564610461 Your Inventory: Coins $ - 1097 gold pieces Amulets s - an uncursed amulet of ESP (being worn) Weapons a - 32 +2 darts (in quiver) m - 8 poisoned +0 shuriken o - a +0 spear p - a +0 orcish dagger (weapon in hand) Armor n - an uncursed +0 Hawaiian shirt (being worn) q - an uncursed +0 scale mail (being worn) r - an uncursed +0 orcish helm (being worn) Comestibles b - 7 uncursed food rations c - 2 uncursed tripe rations d - 2 uncursed eggs Scrolls g - 2 blessed scrolls of magic mapping w - an uncursed scroll of stinking cloud A - a cursed scroll of gold detection B - an uncursed scroll of destroy armor Potions e - 2 uncursed potions of extra healing j - an uncursed potion of full healing Tools h - an expensive camera (0:48) k - an uncursed lock pick l - an uncursed leather drum v - an uncursed brass lantern (0:1232) Spells and supernatural/magical abilities: Name Level Category Fail Memory W - pray for help -- divine ? -- Your skills at the end: Fighting Skills Weapon Skills dart [Basic] Spellcasting Skills Final Attributes: You were stridently aligned. You were telepathic. You are dead. Vanquished creatures: a little dog a kitten 2 iguanas a gas spore a hobbit 2 hobgoblins 3 giant rats a cave spider 2 yellow molds 2 garter snakes a gnome zombie 3 geckos 2 jackals 2 kobolds a goblin 4 grid bugs 3 lichens a kobold zombie 7 newts 40 creatures vanquished. Voluntary challenges: You followed a strict vegan diet. You were an atheist. You used a wielded weapon 12 times, starting on turn 605. You read items or engraved 2 times, starting on turn 347. You never genocided any monsters. You never polymorphed an object. You never changed form. You used no wishes. You never split a pudding. You never wrote Elbereth's name. You never violated your personal moral code. Dungeon overview: The Dungeons of Doom: levels 1 to 6 Level 1 a fountain a long staircase Level 2 a fountain Level 3 some fountains Level 4 some fountains a long staircase Level 5 many fountains Level 6 <- You were here a general store, a fountain a long staircase History has recorded: On T:1 you entered the Dungeons of Doom to retrieve the Amulet of Yendor! On T:299 you reached level 2 of The Dungeons of Doom. On T:485 you reached level 3 of The Dungeons of Doom. On T:828 you reached level 4 of The Dungeons of Doom. On T:1352 you reached level 5 of The Dungeons of Doom. On T:1683 you reached level 6 of The Dungeons of Doom. Score breakdown: Gold: 483 ( 9132 points) Experience: 1 level ( 0 points) Exploration: 6 levels ( 11.76%) ( 9486 points) Discoveries: 2 items ( 0.67%) ( 2457 points) Valuables value: (no points given unless you survive) Artifact value: 0 ( 0 points) Variety of kills: 19 monsters ( 4.99%) ( 6699 points) Turncount: 2144 turns ( -103 points) Survival: died (score multiplied by 80%) Total score: 22136 Latest messages: The small mimic hits Armand. You are beginning to feel hungry. This lichen corpse tastes terrible! You stop eating. You hear some noises. You resume your meal. You finish eating the lichen corpse. You displace Armand. Please move the cursor to an unknown object. A small mimic [seen: telepathy] on a staircase down. The gnome wields a thonged club! You hit it. (2x) The gnome swings his thonged club. The gnome hits! You miss it. (2x) The gnome swings his thonged club. The gnome hits! You miss it. (2x) The gnome swings his thonged club. The gnome hits! You die... Final status: Aloha Zazza the Tourist, killed by a gnome... You died in The Dungeons of Doom on dungeon level 6 with 22136 points, and 1097 pieces of gold, after 2144 moves. You were level 1 with a maximum of 10 hit points when you died.